 Dungeon Crawl Stone Soup version 0.29.1-2-gbd0b4ee654 (webtiles) character file.

Game seed: 962603676561381953

774 fleeber the Conjurer (level 7, -1/36 HPs)
             Began as a Deep Elf Conjurer on Nov 5, 2022.
             Was a Follower of Vehumet.
             Slain by Duvessa
             ... wielding a +0 short sword
              (9 damage)
             ... on level 6 of the Dungeon on Nov 6, 2022.
             The game lasted 00:18:38 (6228 turns).

fleeber the Conjurer (Deep Elf Conjurer)            Turns: 6228, Time: 00:18:39

Health: -1/36      AC:  2    Str:  4    XL:     7   Next: 53%
Magic:  1/17       EV: 17    Int: 25    God:    Vehumet [*.....]
Gold:   298        SH:  0    Dex: 13    Spells: 10/17 levels left

rFire   . . .      SeeInvis +   j - +2 short sword (elec)
rCold   . . .      Faith    .   (no shield)
rNeg    . . .      Spirit   .   a - +0 robe
rPois   .          Reflect  .   w - +0 hat
rElec   .          Harm     .   (no cloak)
rCorr   .          Rampage  .   (no gloves)
Will    .....                   (no boots)
Stlth   +++.......              (no amulet)
HPRegen 0.12/turn               h - ring of see invisible
MPRegen 0.15/turn               i - +4 ring of evasion

@: no status effects
A: no striking features
a: Renounce Religion


You were on level 6 of the Dungeon.
You worshipped Vehumet.
Vehumet was aware of your devotion.
You visited 2 branches of the dungeon, and saw 7 of its levels.

You collected 298 gold pieces.

Inventory:

Hand Weapons
 j - a +2 short sword of electrocution (weapon)
Armour
 a - a +0 robe (worn)
 w - a +0 hat (worn)
Jewellery
 f - a ring of protection from fire
 h - a ring of see invisible (left hand)
 i - a +4 ring of evasion (right hand)
Wands
 t - a wand of paralysis (15)
Scrolls
 g - 2 scrolls of teleportation {unknown}
 k - 2 scrolls of blinking {unknown}
 q - a scroll of immolation {unknown}
 r - a scroll of summoning {unknown}
 v - a scroll of poison {unknown}
 x - a scroll of fog {unknown}
Potions
 b - 2 potions of magic
 c - a potion of brilliance {unknown}
 d - a potion of lignification {unknown}
 e - 4 potions of curing
 l - a potion of berserk rage {unknown}
 m - a potion of haste {unknown}
 n - a potion of heal wounds {unknown}
 o - a potion of mutation {unknown}
 p - a potion of flight {unknown}
 s - 2 potions of attraction {unknown}
 u - a potion of degeneration {unknown}


   Skills:
 - Level 4.9 Dodging
 - Level 5.2 Stealth
 + Level 5.8 Spellcasting
 + Level 6.1 Conjurations
 - Level 4.0 Translocations


You had 10 spell levels left.
You knew the following spells:

 Your Spells              Type           Power      Damage    Failure   Level
a - Magic Dart            Conj           100%       1d8       1%          1
b - Searing Ray           Conj           74%        2d7       1%          2
c - Iskenderun's Mystic   Conj/Tloc      32%        2d8       10%         4

Your spell library contained the following spells:

 Spells                   Type           Power      Damage    Failure   Level
 Freeze                   Ice            28%        1d5       8%          1
 Dazzling Flash           Conj/Hex       44%        N/A       6%          3
 Stone Arrow              Conj/Erth      44%        3d9       6%          3
 Sandblast                Erth           14%        2d6       8%          1
 Mephitic Cloud           Conj/Pois/Air  17%        N/A       10%         3
 Ensorcelled Hibernation  Hex/Ice        14%        N/A       12%         2
 Passwall                 Tmut/Erth      5%         N/A       12%         2
 Ignite Poison            Fire/Tmut/Pois 7%         N/A       22%         3
 Spider Form              Tmut/Pois      7%         N/A       22%         3
 Fulminant Prism          Conj/Hex       11%        3d9       22%         4
 Anguish                  Hex/Necr       3%         N/A       58%         4
 Freezing Cloud           Conj/Ice/Air   8%         6-21      65%         5


Dungeon Overview and Level Annotations

Branches:
Dungeon (6/15)             Temple (1/1) D:4

Altars:
Ashenzari
Cheibriados
Dithmenos
Elyvilon
Fedhas
Gozag
Hepliaklqana
Kikubaaqudgha
Makhleb
Nemelex Xobeh
Okawaru
Qazlal
Ru
Sif Muna
Trog
Uskayaw
Vehumet
Wu Jian
Xom
Yredelemnul
Zin
The Shining One

Shops:
D:1 [

Annotations:
D:2 1 runed translucent door, Crazy Yiuf
D:4 exclusion: black bear
D:6 Duvessa, Eustachio


Message History

Duvessa barely misses you. Duvessa hits you with a +0 short sword!
Casting: Searing Ray (safe; 1% risk of failure)
Confirm with . or Enter, or press ? or * to list all spells.
Restarting spell: Searing Ray (safe; 1% risk of failure)
Press: ? - help, Shift-Dir - straight line, f/p - Duvessa
Aim: Duvessa, wielding a +0 short sword and wearing a +0 chain mail (lightly wounded, berserk, fast, 88% to hit)
The searing ray hits Duvessa.
Duvessa is lightly wounded. (Press . to maintain the ray.) Duvessa hits you with a +0 short sword!
* * * LOW HITPOINT WARNING * * *
Casting: Searing Ray (safe; 1% risk of failure)
Confirm with . or Enter, or press ? or * to list all spells.
The spell is quite dangerous to miscast (10% risk of failure)!
Continue anyway?
Uppercase [Y]es or [N]o only, please.
The spell is quite dangerous to miscast (10% risk of failure)!
Continue anyway?
You erupt in a blast of force!
The mystic blast hits Duvessa!
Duvessa is moderately wounded.
Duvessa is knocked back by the mystic blast.
Casting: Iskenderun's Mystic Blast (quite dangerous; 10% risk of failure)
Confirm with . or Enter, or press ? or * to list all spells.
The spell is quite dangerous to miscast (10% risk of failure)!
Continue anyway?
You erupt in a blast of force!
The mystic blast hits Duvessa but does no damage.
Duvessa is moderately wounded.
Duvessa misses you. Duvessa barely misses you.
Casting: Iskenderun's Mystic Blast (quite dangerous; 10% risk of failure)
Confirm with . or Enter, or press ? or * to list all spells.
You don't have enough magic to cast this spell.
Duvessa is nearby!
Okay, then.
It was a potion of curing.
You feel better. Duvessa closely misses you. Duvessa completely misses you.
Duvessa attacks as you move away! Duvessa closely misses you.
Duvessa hits you with a +0 short sword. Duvessa attacks as you move away!
Duvessa hits you with a +0 short sword!
* * * LOW HITPOINT WARNING * * *
Duvessa rages.
Duvessa hits you with a +0 short sword!
You die...

....@ .......(# ..#.......
.....:
.##......##..........
......
................###.
.../.. ##.............. ##
......#####...........).#
...##...##..............#
........##..##............
.............#...###......
.............@e....##.....
...............#..## #....
...........###.#.## .[..
.##......#.# ##### ###
###.....##.###
#............#
#..........###
#.(......### #........#


You could see Duvessa (berserk, fast).

Vanquished Creatures
  An ogre (D:5)
  2 necrophages (D:5)
  2 scorpions
  Dowan (D:6)
  2 jellies (D:5)
  5 hounds
  An iguana (D:4)
  7 adders
  2 white imps (D:5)
  An ufetubus (D:5)
  4 worms
  3 dart slugs
  2 orcs
  8 bats
  4 endoplasms
  7 giant cockroaches
  7 goblins
  4 hobgoblins
  6 quokkas
  7 ball pythons
  6 frilled lizards (D:1)
  8 kobolds
  7 rats
97 creatures vanquished.

Vanquished Creatures (others)
  2 fungi (D:1)
  4 toadstools (D:1)
6 creatures vanquished.

Grand Total: 103 creatures vanquished

Notes
Turn   | Place    | Note
-------+----------+-------------------------------------------
     0 | D:1      | fleeber the Deep Elf Conjurer began the quest for the Orb.
     0 | D:1      | Reached XP level 1. HP: 10/10 MP: 6/6
   194 | D:1      | Reached XP level 2. HP: 15/15 MP: 2/8
   480 | D:1      | Learned a level 2 spell: Searing Ray
   501 | D:1      | Found Gauzeqai's Armour Shop.
   523 | D:1      | Reached skill level 1 in Translocations
   707 | D:1      | Reached XP level 3. HP: 19/19 MP: 2/9
  1313 | D:2      | Found a shadowy altar of Dithmenos.
  1723 | D:2      | Reached XP level 4. HP: 24/24 MP: 5/11
  2067 | D:2      | Found a runed translucent door.
  2068 | D:2      | Noticed Crazy Yiuf
  2295 | D:2      | Learned a level 4 spell: Iskenderun's Mystic Blast
  2314 | D:3      | Found an ornate altar of the Wu Jian Council.
  2583 | D:3      | Found a faded altar of an unknown god.
  3063 | D:4      | Reached skill level 5 in Conjurations
  3106 | D:4      | Reached XP level 5. HP: 28/28 MP: 6/13
  3235 | D:4      | Found a staircase to the Ecumenical Temple.
  3248 | Temple   | Entered the Ecumenical Temple
  3301 | Temple   | Became a worshipper of Vehumet
  3369 | D:4      | Noticed a black bear
  4219 | D:5      | Entered Level 5 of the Dungeon
  4309 | D:5      | Reached XP level 6. HP: 32/32 MP: 4/14
  4636 | D:5      | Reached skill level 5 in Spellcasting
  5184 | D:5      | Reached XP level 7. HP: 18/36 MP: 9/16
  5394 | D:5      | Reached skill level 5 in Stealth
  5845 | D:5      | Reached * piety under Vehumet
  5845 | D:5      | Offered knowledge of Freeze by Vehumet.
  6022 | D:5      | Reached skill level 6 in Conjurations
  6169 | D:6      | Noticed Duvessa
  6169 | D:6      | Noticed Dowan
  6196 | D:6      | Noticed Eustachio
  6218 | D:6      | Killed Dowan
  6228 | D:6      | Slain by Duvessa

Illustrated notes

Levels and vault maps discovered:
D:1:      dpeg_arrival_rhombus, layout_loops_cross, serial_shops,
          shop_fountains, minmay_gold_behind_fungi, corner_web_ring,
          minmay_worlds_worst_comb
D:2:      layout_loops_ring, basic_altar, uniq_crazy_yiuf_cottage
D:3:      layout_basic, nicolae_wu_jian_wuxing_cycle,
          hellmonk_ecumenical_altar_heavens_door
D:4:      layout_loops_ring, minmay_temple_entry_mist, grunt_ministairs_6
D:5:      layout_cave_pools
D:6:      layout_cave_pools, gammafunk_ghost_arena, uniq_eustachio,
          uniq_duvessa, uniq_menkaure
Temple:   grunt_wide_crystal_templ

Skill      XL: |  1  2  3  4  5  6  7 |
---------------+----------------------+-----
Translocations | 1 2 3 4 |  4.0
Stealth        | 3 4 5 |  5.2
Dodging        | 3 4 |  4.9
Spellcasting   | 4 5 |  5.8
Conjurations   | 5 6 |  6.1

Action                   |  1- 3 |  4- 6 |  7- 9 || total
-------------------------+-------+-------+-------++-------
 Cast: Magic Dart        |    95 |   121 |    25 ||   241
       Searing Ray       |       |    14 |     8 ||    22
       Iskenderun's Myst |       |       |     4 ||     4
  Use: Potion            |       |       |     1 ||     1
Armor: Robe              |     2 |     1 |       ||     3
Dodge: Dodged            |     6 |    17 |     8 ||    31
